 Dungeon Crawl Stone Soup version 0.28.0-53-g5a82cb258f (webtiles) character file.

Game seed: 1612146180023880360

49 DildoBatman the Conjurer (level 4, 0/30 HPs)
             Began as a Formicid Conjurer on June 2, 2022.
             Slain by a jackal (3 damage)
             ... on level 3 of the Dungeon.
             The game lasted 00:03:26 (2188 turns).

DildoBatman the Conjurer (Formicid Conjurer)        Turns: 2188, Time: 00:03:27

Health: 0/30       AC:  3    Str: 12    XL:     4   Next: 2%
Magic:  2/7        EV:  9    Int: 17    God:
Gold:   131        SH:  0    Dex: 11    Spells: 4/7 levels left

rFire   . . .      SeeInvis +   a - +2 dagger (venom)
rCold   . . .      Faith    .   (no shield)
rNeg    . . .      Spirit   .   o - +0 robe
rPois   .          Reflect  .   (helmet unavailable)
rElec   .          Harm     .   (no cloak)
rCorr   .          Rampage  .   n - +0 pair of gloves
Will    .....                   (no boots)
Stlth   ++........              (no amulet)
HPRegen 0.10/turn               (no ring)
MPRegen 0.10/turn               (no ring)

@: constricted
A: permanent stasis, dig shafts and tunnels, antennae 3, four strong arms
a: Dig, Shaft Self


You were on level 3 of the Dungeon.
You visited 1 branch of the dungeon, and saw 3 of its levels.

You collected 131 gold pieces.

Inventory:

Hand Weapons
 a - a +2 dagger of venom (weapon)
Missiles
 b - 50 sling bullets
 c - 28 stones
 r - 2 javelins
 s - 4 poisoned darts
Armour
 n - a +0 pair of gloves (worn)
 o - a +0 robe (worn)
Magical Staves
 q - a staff of air
Scrolls
 d - a scroll of silence {unknown}
 e - a scroll of fog {unknown}
 f - 2 scrolls of enchant weapon {unknown}
 g - a scroll of teleportation {unknown}
 h - a scroll of identify {unknown}
 l - a scroll of immolation {unknown}
 p - a scroll of fear {unknown}
Potions
 i - a potion of brilliance {unknown}
 j - 3 potions of curing {unknown}
 k - a potion of flight {unknown}
 m - a potion of mutation {unknown}


   Skills:
 - Level 1.7 Dodging
 - Level 2.4 Stealth
 - Level 2.1 Spellcasting
 * Level 4.8 Conjurations


You had 4 spell levels left.
You knew the following spells:

 Your Spells              Type           Power      Damage    Failure   Level
a - Searing Ray           Conj           36%        2d5       3%          2
c - Magic Dart            Conj           72%        1d6       2%          1

Your spell library contained the following spells:

 Spells                   Type           Power      Damage    Failure   Level
 Dazzling Flash           Conj/Hex       20%        N/A       22%         3
 Fulminant Prism          Conj/Hex       5%         3d7       56%         4
 Iskenderun's Mystic Bla  Conj/Tloc      10%        2d4       56%         4


Dungeon Overview and Level Annotations

Branches:
Dungeon (3/15)

Altars:
Ashenzari
Gozag

Annotations:
D:2 exclusion: 3 sensed monsters (detected), Jessica, Terence


Innate Abilities, Weirdness & Mutations

You cannot be hasted, slowed, berserked, paralysed or teleported.
You can dig through walls and to a lower floor.
You have a pair of large antennae on your head. (SInv)
Your four strong arms can wield two-handed weapons with a shield.


Message History

What are your orders? t - Shout!
Orders for allies: a - Attack new target. r - Retreat! s - Stop attacking. g - Guard the area. f - Follow me.
Anything else - Cancel.
You shout for attention!
The jackal bites you but does no damage.
The ball python barely misses you. The ball python constricts you.
What are your orders? t - Shout!
Orders for allies: a - Attack new target. r - Retreat! s - Stop attacking. g - Guard the area. f - Follow me.
Anything else - Cancel.
You shout for attention!
The jackal bites you.
The ball python bites you but does no damage.
The ball python constricts you.
The jackal bites you but does no damage.
What are your orders? t - Shout!
Orders for allies: a - Attack new target. r - Retreat! s - Stop attacking. g - Guard the area. f - Follow me.
Anything else - Cancel.
You shout for attention!
The ball python bites you. The ball python constricts you.
The jackal bites you. What are your orders? t - Shout!
Orders for allies: a - Attack new target. r - Retreat! s - Stop attacking. g - Guard the area. f - Follow me.
Anything else - Cancel.
You shout for attention!
The jackal bites you.
You die...

.# .# .h# ..###
......
######......
.....+...@Sh.....
##....####h#......
#....... #.# .....
#......###.###....
+....†##.....##...
#.....#.8...8.# ..
#.....#.......# .
#........._.....#
#.....#.......###


You could see 2 jackals and a ball python.

Vanquished Creatures
  2 adders
  3 bats
  2 endoplasms
  2 giant cockroaches
  3 goblins
  A jackal (D:3)
  2 quokkas
  3 ball pythons (D:2)
  5 frilled lizards
  2 kobolds
  6 rats
31 creatures vanquished.

Notes
Turn   | Place    | Note
-------+----------+-------------------------------------------
     0 | D:1      | DildoBatman the Formicid Conjurer began the quest for the
                  | Orb.
     0 | D:1      | Reached XP level 1. HP: 13/13 MP: 3/3
   203 | D:1      | Reached XP level 2. HP: 10/19 MP: 3/5
   206 | D:1      | Learned a level 2 spell: Searing Ray
   312 | D:1      | Reached skill level 4 in Conjurations
   586 | D:1      | Found a faded altar of an unknown god.
  1082 | D:2      | Noticed Jessica
  1148 | D:2      | Found a broken altar of Ashenzari.
  1338 | D:2      | Reached XP level 3. HP: 24/24 MP: 1/6
  1520 | D:2      | Noticed Terence
  2156 | D:3      | Found an opulent altar of Gozag.
  2166 | D:3      | Reached XP level 4. HP: 30/30 MP: 0/7
  2188 | D:3      | Slain by a jackal

Illustrated notes

Levels and vault maps discovered:
D:1:      heliophobic_arrival_dark_side_of_the_moon, layout_loops_corners,
          shapermc_ecumenical_altar_mp_vishouse
D:2:      layout_basic, serial_glass, glass_columns_a, glass_columns_a,
          basic_altar, minmay_split_cup_small, uniq_terence, uniq_robin,
          uniq_jessica
D:3:      layout_basic, lemuel_crystal_altar, grunt_gozag_statues,
          amcnicky_altar_gilded, portal_sewer_entry_d

Skill      XL: |  1  2 |
---------------+-------+-----
Conjurations   | 4 |  4.8
Dodging        | |  1.7
Stealth        | |  2.4
Spellcasting   | |  2.1

Action                   |  1- 3 |  4- 6 || total
-------------------------+-------+-------++-------
Melee: Club              |     9 |       ||     9
       Dagger            |     2 |       ||     2
 Cast: Magic Dart        |    33 |       ||    33
       Searing Ray       |     3 |       ||     3
 Abil: Dig               |     1 |       ||     1
Armor: Robe              |     2 |    14 ||    16
Dodge: Dodged            |     9 |    15 ||    24
